 Dungeon Crawl Stone Soup version 0.28.0-49-g6dfe1f597d (webtiles) character file.

Game seed: 6963034672083731206

332 101zpm the Magician (level 6, 0/40 HPs)
             Began as a Djinni Fire Elementalist on May 15, 2022.
             Slain by a hound (1 damage)
             ... on level 4 of the Dungeon.
             The game lasted 00:04:57 (2332 turns).

101zpm the Magician (Djinni Fire Elementalist)      Turns: 2332, Time: 00:04:58

Health: 0/40       AC:  3    Str:  7    XL:     6   Next: 82%
Gold:   88         EV: 12    Int: 18    God:
                   SH:  3    Dex: 14

rFire   + + .      SeeInvis .   (no weapon)
rCold   x . .      Faith    .   c - +0 buckler
rNeg    . . .      Spirit   .   a - +0 robe
rPois   ∞          Reflect  .   (no helmet)
rElec   .          Harm     .   (no cloak)
rCorr   .          Rampage  .   g - +0 pair of gloves
Will    .....                   (boots unavailable)
Stlth   ++........              (no amulet)
HPRegen 0.13/turn               (no ring)
MPRegen 0.00/turn               (no ring)

@: flying
A: sickness immunity, fire resistance 2, cold vulnerability 1, float, innate
caster, HP casting, extra vitality 1
a: no special abilities


You were on level 4 of the Dungeon.
You visited 1 branch of the dungeon, and saw 4 of its levels.

You collected 88 gold pieces.

Inventory:

Armour
 a - a +0 robe (worn)
 c - a +0 buckler (worn)
 g - a +0 pair of gloves (worn)
Scrolls
 d - a scroll of identify {unknown}
 f - a scroll of holy word {unknown}
 h - a scroll of noise {unknown}
Potions
 b - 3 potions of brilliance {unknown}
 e - a potion of heal wounds {unknown}


   Skills:
 + Level 2.4 Dodging
 + Level 2.4 Stealth
 + Level 5.1 Spellcasting


You couldn't memorise any spells.
You knew the following spells:

 Your Spells              Type           Power      Damage    Failure   Level
a - Foxfire               Conj/Fire      92%        2x1d8     2%          1
b - Scorch                Fire           46%        2d7       3%          2
c - Conjure Flame         Conj/Fire      23%        6-21      6%          3
d - Inner Flame           Hex/Fire       23%        N/A       6%          3
e - Flame Wave            Conj/Fire      23%        2d7       22%         4
f - Pain                  Necr           92%        1d8       2%          1
g - Wereblood             Tmut           23%        N/A       3%          2
Your spell library was empty.

Dungeon Overview and Level Annotations

Branches:
Dungeon (4/15)
 Temple: D:4-7

Altars:
Cheibriados


Innate Abilities, Weirdness & Mutations

You are immune to sickness and miasma.
You are immune to poison.
Your flesh is very heat resistant. (rF++)
You are vulnerable to cold. (rC-)
You float through the air rather than walking.
You learn spells naturally, not from books.
Your magical power is your life essence.
You have superior vitality. (+4 MHP)


Message History

* * * LOW HITPOINT WARNING * * *
Your foxfire dissipates!
The foxfire hits the iguana but does no damage.
The iguana is almost dead.
The foxfire hits the iguana.
The iguana explodes!
You hear a bark!
You start resting.
Your magical contamination has completely faded away.
You start resting.
A hound comes into view.
Casting: Foxfire (safe; 2% risk of failure)
Press: ? - help, Q - select action, (/) - cycle Dir - look around, f - activate You conjure some foxfire!
* * * LOW HITPOINT WARNING * * *
Casting: Foxfire (safe; 2% risk of failure)
Confirm with . or Enter, or press ? or * to list all spells.
You don't have enough health to cast this spell.
Casting: Foxfire (safe; 2% risk of failure)
Press: ? - help, Q - select action, (/) - cycle Dir - look around, f - activate You conjure some foxfire!
* * * LOW HITPOINT WARNING * * *
The foxfire hits the hound.
The hound is moderately wounded.
Your foxfire dissipates!
The foxfire hits the hound but does no damage.
The hound is moderately wounded.
The foxfire hits the hound.
The hound is moderately wounded.
Casting: Foxfire (safe; 2% risk of failure)
Press: ? - help, Q - select action, (/) - cycle Dir - look around, f - activate You conjure some foxfire!
* * * LOW HITPOINT WARNING * * *
The foxfire hits the hound.
The hound is severely wounded.
The foxfire hits the hound.
The hound is severely wounded.
You see here 5 boomerangs.
The hound bites you.
You die...

#... ...#
... #..##
)..# #))#
#.)# #)@#
#§h# #..#
..##≈≈##.##
K.#≈≈≈ #..#
.#≈≈≈ #).##
#≈≈≈ #...#
## #≈≈
#.#.#
.#####.
#≈≈##.#...


You could see a hound.

Vanquished Creatures
  A black bear (D:4)
  2 kobold brigands (D:4)
  An iguana (D:4)
  A howler monkey skeleton (D:4)
  3 adders
  4 endoplasms
  5 giant cockroaches
  6 goblins
  2 hobgoblins
  A quokka (D:1)
  A ball python (D:2)
  4 bats
  A frilled lizard (D:2)
  7 kobolds
  2 rats (D:2)
41 creatures vanquished.

Vanquished Creatures (others)
  184 foxfires
184 creatures vanquished.

Grand Total: 225 creatures vanquished

Notes
Turn   | Place    | Note
-------+----------+-------------------------------------------
     0 | D:1      | 101zpm the Djinni Fire Elementalist began the quest for the
                  | Orb.
     0 | D:1      | Reached XP level 1. HP: 15/15 MP: 0/0
   368 | D:2      | Reached XP level 2. HP: 8/21 MP: 0/0
   715 | D:2      | Found a snail-covered altar of Cheibriados.
   721 | D:2      | Reached skill level 3 in Spellcasting
   760 | D:2      | Reached XP level 3. HP: 23/25 MP: 0/0
   760 | D:2      | Learned a level 1 spell: Pain
  1647 | D:3      | Found a faded altar of an unknown god.
  1748 | D:4      | Reached XP level 4. HP: 26/31 MP: 0/0
  2189 | D:4      | Noticed a kobold brigand
  2193 | D:4      | Killed a kobold brigand
  2194 | D:4      | Reached skill level 4 in Spellcasting
  2194 | D:4      | Reached XP level 5. HP: 25/35 MP: 0/0
  2194 | D:4      | Learned a level 2 spell: Wereblood
  2207 | D:4      | Noticed a kobold brigand
  2213 | D:4      | Killed a kobold brigand
  2214 | D:4      | Reached XP level 6. HP: 19/40 MP: 0/0
  2223 | D:4      | Noticed a black bear
  2228 | D:4      | Killed a black bear
  2229 | D:4      | Reached skill level 5 in Spellcasting
  2332 | D:4      | Slain by a hound

Illustrated notes

Levels and vault maps discovered:
D:1:      moated_graveyard_arrival, layout_loops_ring, minmay_circled_x
D:2:      layout_basic, basic_altar, serial_park_tiny_pond
D:3:      layout_loops_ring, nicolae_ecumenical_oubliette,
          pf_guarded_unrand_delatra, uniq_robin
D:4:      cheibrodos_thug_alley, layout_basic, hangedman_abyss_or_decor_stabs

Skill      XL: |  1  2  3  4  5  6 |
---------------+-------------------+-----
Spellcasting   | 3 4 5 |  5.1
Stealth        | 2 |  2.4
Dodging        | |  2.4

Action                   |  1- 3 |  4- 6 || total
-------------------------+-------+-------++-------
 Cast: Foxfire           |    79 |    40 ||   119
       Scorch            |     5 |     6 ||    11
       Inner Flame       |       |     8 ||     8
Armor: Robe              |     1 |       ||     1
Dodge: Dodged            |     2 |     1 ||     3
